 Dungeon Crawl Stone Soup version 0.24.0-125-gc4c63601f3 (webtiles) character file.

Game seed: 1569670657483404780, levelgen mode: deterministic

619271 grindst0ne the Acrobat (level 27, -15/183 HPs)
             Began as a Kobold Berserker on Feb 27, 2020.
             Was the Champion of the Shining One.
             Demolished by a two-headed ogre
             ... wielding a +0 giant spiked club
             ... created by the rage of Trog
              (23 damage)
             ... while paralysed
             ... on level 2 of the Vaults.
             The game lasted 04:24:31 (65256 turns).

grindst0ne the Acrobat (Kobold Berserker)          Turns: 65256, Time: 04:24:32

Health: -15/183    AC: 40    Str: 14 (21) XL:     27
Magic:  33/33      EV:  3    Int: 11 (14) God:    the Shining One [******]
Gold:   6391       SH:  0    Dex: 23      Spells: 18/26 levels left

rFire    + . .     SeeInvis .   Z - +9 eudemon blade (holy)
rCold    + + +     Gourm    .   Y - +0 shield {AC+3}
rNeg     + + +     Faith    .   t - +10 shadow dragon scales
rPois    +         Spirit   .   q - +2 hat "Luxukus" {Regen+}
rElec    +         Reflect  .   W - +2 cloak "Apluof" {rC+ Regen+}
rCorr    .         Harm     .   P - +0 pair of gloves "Jeazaj" {rPois Dex+4 Stlth+}
MR       ++...                  b - +0 pair of boots
Stlth    ++++......             Q - amulet of Tuil {+Rage rElec rPois rC+}
HPRegen  1.20/turn              E - ring "Dotwoq" {rC+ Int+2 Slay+6}
MPRegen  0.23/turn              D - ring of the Will of the Gods {rF+ rN+ Slay+2}

@: paralysed, berserk cooldown, slowed, glowing
A: small, antennae 1, carnivore, deterioration 1, strong 1
}: 4/15 runes: decaying, silver, abyssal, gossamer
a: Divine Shield, Cleansing Flame, Summon Divine Warrior, Renounce Religion,
Evoke Berserk Rage


You were on level 2 of the Vaults.
You worshipped the Shining One.
The Shining One was exalted by your worship.
You were hungry.

You visited 11 branches of the dungeon, and saw 49 of its levels.
You visited the Abyss 3 times.
You also visited: Trove, Ice Cave and Volcano.

You collected 7643 gold pieces.
You spent 1252 gold pieces at shops.

Inventory:

Hand Weapons
 I - a +5 double sword of holy wrath
 Z - a +9 eudemon blade of holy wrath (weapon)
Missiles
 O - 28 curare-tipped darts (quivered)
Armour
 b - a +0 pair of boots (worn)
 q - the +2 hat "Luxukus" (worn) {Regen+}
   (You found it on level 1 of the Elven Halls)

   It increases your rate of regeneration.
 t - +10 shadow dragon scales (worn)
 P - the +0 pair of gloves "Jeazaj" (worn) {rPois Dex+4 Stlth+}
   (You found it on level 2 of the Abyss)

   It affects your dexterity (+4).
   It protects you from poison.
   It makes you more stealthy.
 V - a +2 buckler of fire resistance
 W - the +2 cloak "Apluof" (worn) {rC+ Regen+}
   (You bought it in a shop on level 14 of the Dungeon)

   It protects you from cold.
   It increases your rate of regeneration.
 Y - a +0 shield of protection (worn)
Jewellery
 e - the ring of Elyvilon's Generosity {rPois rF+ Str+2 Int+5 Dex+2}
   (You took it off a deep elf master archer on level 3 of the Elven Halls)

   [ring of intelligence]

   It affects your strength (+2).
   It affects your intelligence (+5).
   It affects your dexterity (+2).
   It protects you from fire.
   It protects you from poison.
 k - the ring "Lanaf" {rC+ MR+ Str+3 Int+2}
   (You found it on level 2 of the Depths)

   [ring of intelligence]

   It affects your strength (+3).
   It affects your intelligence (+2).
   It protects you from cold.
   It affects your resistance to hostile enchantments.
 o - an uncursed ring of resist corrosion
 D - the ring of the Will of the Gods (right hand) {rF+ rN+ Slay+2}
   (You acquired it on level 5 of the Vaults)

   [ring of protection from fire]

   It affects your accuracy and damage with ranged weapons and melee attacks
   (+2).
   It protects you from fire.
   It protects you from negative energy.
 E - the ring "Dotwoq" (left hand) {rC+ Int+2 Slay+6}
   (You took it off a vault sentinel on level 5 of the Vaults)

   [ring of slaying]

   It affects your intelligence (+2).
   It affects your accuracy and damage with ranged weapons and melee attacks
   (+6).
   It protects you from cold.
 Q - the amulet of Tuil (around neck) {+Rage rElec rPois rC+}
   (You acquired it on level 2 of the Abyss)

   [amulet of rage]

   It protects you from cold.
   It insulates you from electricity.
   It protects you from poison.
   It lets you go berserk.
Wands
 i - a wand of paralysis (30)
 u - a wand of acid (16)
 M - a wand of digging (16)
 S - a wand of iceblast (6)
 U - a wand of clouds (5)
Scrolls
 h - 3 scrolls of enchant armour
 l - 29 scrolls of remove curse
 p - 12 scrolls of teleportation
 v - 3 scrolls of amnesia
 w - 2 scrolls of enchant weapon
 y - 2 scrolls of brand weapon
 B - 15 scrolls of magic mapping
 C - 5 scrolls of identify
 F - 6 scrolls of summoning
 G - 6 scrolls of blinking
 N - 5 scrolls of fear
 T - 7 scrolls of fog
Potions
 d - 2 potions of resistance
 f - 3 potions of magic
 g - 5 potions of mutation
 j - 2 potions of heal wounds
 m - 5 potions of might
 n - 17 potions of curing
 x - 11 potions of flight
 A - 10 potions of brilliance
 H - 5 potions of haste
 J - 6 potions of agility
 L - 4 potions of cancellation
Miscellaneous
 a - a sack of spiders
 s - 4 phantom mirrors
 K - a lightning rod (4/4)
 R - a phial of floods
Comestibles
 c - 80 rations


   Skills:
 - Level 21.4 Fighting
   Level 14.0(19.0) Short Blades
 - Level 14.5(15.5) Long Blades
 - Level 17.4 Armour
 - Level 23.0 Dodging
 - Level 14.2 Stealth
 + Level 17.0 Shields
 * Level 14.3 Invocations
 - Level 14.0 Evocations


You had 18 spell levels left.
You knew the following spells:

 Your Spells              Type           Power        Failure   Level  Hunger
a - Blink                 Tloc           N/A          99%         2    ###....
b - Deflect Missiles      Chrm/Air       #.........   100%        6    #######

Your spell library contained the following spells:

 Spells                   Type           Power        Failure   Level  Hunger
 Animate Skeleton         Necr           N/A          99%         1    ##.....
 Apportation              Tloc           #.....       99%         1    ##.....
 Confusing Touch          Hex            #.....       99%         1    ##.....
 Flame Tongue             Conj/Fire      #....        99%         1    ##.....
 Magic Dart               Conj           #...         99%         1    ##.....
 Pain                     Necr           #...         99%         1    ##.....
 Sandblast                Erth           #.....       99%         1    ##.....
 Shock                    Conj/Air       #...         99%         1    ##.....
 Sting                    Conj/Pois      #...         99%         1    ##.....
 Summon Butterflies       Summ           #.......     99%         1    ##.....
 Summon Small Mammal      Summ           #...         99%         1    ##.....
 Passwall                 Tmut/Erth      #.......     99%         2    ###....
 Poisonous Vapours        Pois/Air       #.....       99%         2    ###....
 Shroud of Golubria       Chrm/Tloc      #.....       99%         2    ###....
 Swiftness                Chrm/Air       #.......     99%         2    ###....
 Throw Flame              Conj/Fire      #.....       99%         2    ###....
 Confuse                  Hex            #.......     100%        3    ####...
 Conjure Flame            Conj/Fire      #.......     100%        3    ####...
 Dazzling Spray           Conj/Hex       #.....       100%        3    ####...
 Gell's Gravitas          Tloc           #.........   100%        3    ####...
 Ignite Poison            Fire/Tmut/Pois #.......     100%        3    ####...
 Inner Flame              Hex/Fire       #.......     100%        3    ####...
 Lesser Beckoning         Tloc           #.........   100%        3    ####...
 Mephitic Cloud           Conj/Pois/Air  #.......     100%        3    ####...
 Ozocubu's Armour         Chrm/Ice       #.......     100%        3    ####...
 Recall                   Summ/Tloc      N/A          100%        3    ####...
 Regeneration             Chrm/Necr      #.........   100%        3    ####...
 Static Discharge         Conj/Air       #.......     100%        3    ####...
 Stone Arrow              Conj/Erth      #.....       100%        3    ####...
 Teleport Other           Tloc           #.......     100%        3    ####...
 Tukima's Dance           Hex            #.......     100%        3    ####...
 Vampiric Draining        Necr           #.........   100%        3    ####...
 Airstrike                Air            #.........   100%        4    #####..
 Animate Dead             Necr           N/A          100%        4    #####..
 Cause Fear               Hex            #.........   100%        4    #####..
 Ice Form                 Ice/Tmut       #.......     100%        4    #####..
 Iskenderun's Mystic Bla  Conj           #.......     100%        4    #####..
 Olgreb's Toxic Radiance  Pois           #.......     100%        4    #####..
 Passage of Golubria      Tloc           N/A          100%        4    #####..
 Petrify                  Tmut/Erth      #.......     100%        4    #####..
 Sticky Flame             Conj/Fire      #.......     100%        4    #####..
 Summon Ice Beast         Ice/Summ       #.......     100%        4    #####..
 Alistair's Intoxication  Tmut/Pois      #.......     100%        5    ######.
 Borgnjor's Vile Clutch   Necr/Erth      #.........   100%        5    ######.
 Fireball                 Conj/Fire      #.........   100%        5    ######.
 Irradiate                Conj/Tmut      #.........   100%        5    ######.
 Lee's Rapid Deconstruct  Erth           #.........   100%        5    ######.
 Lightning Bolt           Conj/Air       #.........   100%        5    ######.
 Metabolic Englaciation   Hex/Ice        #.........   100%        5    ######.
 Silence                  Hex/Air        #.........   100%        5    ######.
 Venom Bolt               Conj/Pois      #.........   100%        5    ######.
 Yara's Violent Unravell  Hex/Tmut       #.........   100%        5    ######.
 Bolt of Fire             Conj/Fire      #.........   100%        6    #######
 Conjure Ball Lightning   Conj/Air       #.........   100%        6    #######
 Death Channel            Necr           #.........   100%        6    #######
 Freezing Cloud           Conj/Ice/Air   #.........   100%        6    #######
 Hydra Form               Tmut           #.........   100%        6    #######
 Invisibility             Hex            #.......     100%        6    #######
 Poison Arrow             Conj/Pois      #.........   100%        6    #######
 Simulacrum               Ice/Necr       #.........   100%        6    #######
 Statue Form              Tmut/Erth      #........    100%        6    #######
 Dragon Form              Tmut           #.........   100%        7    #######
 Spellforged Servitor     Conj/Summ      #.........   100%        7    #######
 Chain Lightning          Conj/Air       #.........   100%        8    #######
 Discord                  Hex            #.........   100%        8    #######
 Ignition                 Fire           #.........   100%        8    #######
 Lehudib's Crystal Spear  Conj/Erth      #.........   100%        8    #######
 Dragon's Call            Summ           #.........   100%        9    #######
 Fire Storm               Conj/Fire      #.........   100%        9    #######
 Glaciate                 Conj/Ice       #.........   100%        9    #######
 Shatter                  Erth           #.........   100%        9    #######
 Tornado                  Air            #.........   100%        9    #######


Dungeon Overview and Level Annotations

Branches:
Dungeon (15/15)            Temple (1/1) D:4            Lair (6/6) D:10
  Swamp (4/4) Lair:2       Spider (4/4) Lair:2        Slime (0/5) Lair:5
    Orc (2/2) D:11            Elf (3/3) Orc:2        Vaults (5/5) D:13
  Crypt (3/3) Vaults:3       Tomb (0/3) Crypt:3      Depths (5/5) D:15
    Zot (1/5) Depths:5      IceCv (visited)         Volcano (visited)

Altars:
Ashenzari
Cheibriados
Dithmenos
Elyvilon
Fedhas
Gozag
Hepliaklqana
Kikubaaqudgha
Makhleb
Nemelex Xobeh
Okawaru
Qazlal
Ru
Sif Muna
Trog
Uskayaw
Vehumet
Wu Jian
Xom
Yredelemnul
Zin
The Shining One
Beogh
Jiyva

Shops:
D:6 **   D:11 ?   D:12 !   D:14 [   Orc:1 !!}   Orc:2 [[(=   Elf:1 =   Elf:3 ?
Vaults:3 (

Portals:
Hell: Depths:1 Depths:2 Depths:3 Depths:4 Depths:5
Abyss: Depths:1 Depths:4 Depths:5
Pandemonium: Depths:2 Depths:3
Ziggurat: Depths:2

Annotations:
D:6 exclusion: oklob plant
D:12 3 runed translucent doors, Asucawi's ghost, journeyman DgWn
D:15 2 transporters, Lyganif's ghost, journeyman DsGl
Lair:4 exclusion: downstairs
Swamp:2 2 transporters, MendTheBones's ghost, journeyman GnWz
Swamp:3 Lernaean hydra
Depths:3 exclusion: downstairs


Innate Abilities, Weirdness & Mutations

You are small and have problems with some larger weapons.
You are carnivorous and can eat meat at any time.
You have a pair of small antennae on your head.
Your body sometimes deteriorates upon taking damage.
Your muscles are strong. (Str +2)


Message History

The stone giant hits you!!
The ogre rages.
The two-headed ogre barely misses you.
The two-headed ogre hits you with a +0 giant spiked club!
The ogre barely misses you. The cyclops hits you. The stone giant hits you!!
* * * LOW HITPOINT WARNING * * *
Your body deteriorates!
You feel weakened. The ogre completely misses you.
The two-headed ogre hits you with a +0 giant spiked club.
* * * LOW HITPOINT WARNING * * *
The two-headed ogre hits you with a +0 giant spiked club!
* * * LOW HITPOINT WARNING * * *
The stone giant hits you but does no damage.
The cyclops hits you but does no damage.
The stone giant hits you but does no damage.
The ogre hits you with a +0 giant club!
* * * LOW HITPOINT WARNING * * *
The two-headed ogre completely misses you.
The two-headed ogre hits you with a +0 giant spiked club!!
You die...

####### ###.....###
####### ##..."..T..##
......###.....OCOC..##
#.###.##.....###@O...#
..#...##...###
###...## #.#####....#
#...^# ..#)..#...##
##...# ..###.#...#
#.>.# .)(.#.'...##
##...# .)###.#....#
#....# ..((..##..[###
###...##
#)###.##.....###.....#


You could see a stone giant (berserk), a two-headed ogre (berserk), a cyclops
(berserk), a troll (berserk) and 2 ogres.

Vanquished Creatures
  3 ancient liches (Vaults:5)
  Mara (Swamp:3)
  A juggernaut (Depths:3)
  Frederick (Vaults:5)
  Nikola (Swamp:3)
  2 golden dragons
  Arachne (Spider:2)
  the Enchantress (Depths:4)
  The ghost of agentgt the Covert, an adept HuVM of Kikubaaqudgha (Elf:1)
  3 tentacled monstrosities
  Asterion (Vaults:2)
  An Ice Fiend (IceCv)
  7 liches
  2 quicksilver dragons
  A deep elf blademaster (Elf:3)
  2 tentacled starspawn (Abyss:3)
  2 titans (Vaults:5)
  3 deep elf master archers (Elf:3)
  5 ancient champions
  13 sphinxes
  The ghost of Mesmaeker13 the Warrior, an adept DsGl of Qazlal (Spider:4)
  Frances (D:13)
  A death cob (Zot:1)
  3 storm dragons
  Kirke (Swamp:3)
  2 thorn hunters
  4 revenants
  3 tengu reavers
  Agnes (Spider:2)
  2 storm dragons (shapeshifter)
  5 shadow dragons
  An orc warlord (Orc:2)
  5 ghost moths
  5 fire giants
  11 vault wardens
  Aizul (Vaults:4)
  Louise (D:14)
  13 frost giants
  11 deep elf sorcerers
  A draconian scorcher (Depths:5)
  A juggernaut zombie (Depths:2)
  8 ghouls
  3 emperor scorpions (Spider:4)
  A reaper (Crypt:3)
  3 curse skulls
  10 deep elf elementalists
  14 ironheart preservers
  6 very ugly things
  2 war gargoyles (Vaults:5)
  3 spriggan defenders (Depths:4)
  3 entropy weavers
  31 stone giants
  A black draconian (Depths:5)
  A green draconian (Depths:5)
  2 red draconians
  Nessos (D:12)
  3 vampire knights
  13 deep elf demonologists
  10 deep elf annihilators
  A spectral titan (Crypt:3)
  5 dire elephants
  13 spark wasps
  A yellow draconian (Depths:5)
  3 purple draconians (Depths:5)
  12 ettins
  3 crystal guardians
  7 eidola
  4 spectral quicksilver dragons (Crypt:3)
  5 deep elf high priests
  6 deep elf death magi
  2 great orbs of eyes (shapeshifter) (Abyss:3)
  Josephine (Swamp:1)
  11 fire dragons
  6 jiangshi
  A spectral golden dragon (Crypt:3)
  The ghost of Dikli the Blocker, a journeyman MiBe of Trog (Lair:3)
  7 ice dragons
  18 yaktaur captains
  29 hydras
  25 vault guards
  Fannar (D:12)
  6 rakshasas
  11 great orbs of eyes
  2 spectral shadow dragons (Crypt:3)
  3 ghost crabs
  3 shambling mangroves
  23 ogre magi
  6 spriggan air magi
  A catoblepas (Lair:6)
  18 centaur warriors
  2 hell beasts
  An anaconda (shapeshifter) (Vaults:5)
  19 dancing weapons
  11 alligators
  A spectral fire giant (Crypt:3)
  11 death knights
  66 two-headed ogres
  10 deep troll earth magi
  5 deep troll shamans
  5 tengu warriors
  6 spriggan berserkers
  3 spectral storm dragons (Crypt:3)
  3 soul eaters
  5 thrashing horrors
  2 hell hogs (Abyss:3)
  Sonja (D:11)
  7 vampire magi
  34 deep elf knights
  Nergalle (Orc:1)
  12 hell knights
  3 wretched stars
  4 glowing orange brains
  6 iron trolls
  2 sixfirhies
  A storm dragon skeleton (Crypt:3)
  4 shadow wraiths
  A salamander mystic (Depths:3)
  32 skeletal warriors
  6 wizards
  10 flayed ghosts
  A quicksilver dragon simulacrum (Depths:1)
  8 unseen horrors
  2 fire crabs (shapeshifter)
  14 swamp dragons
  A golden dragon zombie (Crypt:2)
  22 deep trolls
  3 spriggan druids
  A glowing orange brain (shapeshifter) (D:13)
  A titan skeleton (Crypt:3)
  2 spectral hydras (Crypt:3)
  19 deep elf archers
  2 spectral wolf spiders (Crypt:3)
  5 harpies (Vaults:4)
  2 harpies (shapeshifter)
  16 orc knights
  8 necromancers
  20 ironbrand convokers
  A mana viper (shapeshifter) (Abyss:3)
  Pikel (D:7)
  4 fauns (Depths:4)
  26 phantasmal warriors
  A spectral ettin (Crypt:3)
  37 wolf spiders
  13 orb spiders
  A sphinx zombie (Depths:2)
  An oklob plant (D:10)
  60 deep elf magi
  10 orc sorcerers
  A spectral fire dragon (Crypt:3)
  52 slime creatures
  19 cyclopes
  A shining eye (shapeshifter) (D:15)
  27 ugly things
  5 salamanders (Depths:3)
  A frost giant zombie (Depths:1)
  3 moths of wrath
  19 elephants
  9 manticores
  3 centaur zombies
  An elf zombie (Depths:1)
  4 black mambas
  The ghost of L3W1S007 the Covered, a novice MiFi of Gozag (D:5)
  A molten gargoyle (Volcano)
  A guardian serpent (shapeshifter) (Vaults:3)
  3 rust devils
  11 vault sentinels
  2 ice statues (IceCv)
  An apocalypse crab (Abyss:3)
  An eye of devastation (shapeshifter) (Depths:2)
  3 orange demons
  The ghost of jazmu the Chopper, a novice FoGl (D:5)
  2 centaur skeletons
  3 gargoyles
  The ghost of Hyawatha the Vexing, a novice GnAM (D:7)
  2 yaktaur zombies (Vaults:1)
  16 spiny frogs
  2 spriggan zombies
  A hellion (Abyss:2)
  8 swamp worm zombies (Crypt:3)
  2 kobold demonologists (D:14)
  6 komodo dragons
  39 freezing wraiths
  A spark wasp simulacrum (Depths:1)
  13 demonic crawlers
  The ghost of Crl the Shield-Bearer, a novice GrFi of Okawaru (D:5)
  A golden dragon simulacrum (IceCv)
  9 rime drakes
  3 anaconda simulacra (IceCv)
  An efreet (Abyss:2)
  A ghost moth simulacrum (Crypt:3)
  2 hellwings
  4 tengu conjurers
  75 yaktaurs
  10 ice devils
  A tormentor (Depths:2)
  A queen bee (D:8)
  7 red devils
  2 ancient zymes (Abyss:3)
  A death yak skeleton (Crypt:3)
  30 jumping spiders
  A jumping spider (shapeshifter) (Depths:2)
  A shadow dragon simulacrum (Vaults:4)
  10 trolls
  9 polar bears
  10 tyrant leeches
  6 meliai
  A queen bee (shapeshifter) (Depths:4)
  A wolf spider simulacrum (Crypt:3)
  42 hornets
  4 raiju
  15 blink frogs
  A harpy skeleton (Crypt:2)
  19 hippogriffs
  A death drake skeleton (Crypt:3)
  15 dream sheep
  2 frost giant simulacra (Vaults:2)
  A fire dragon skeleton (Crypt:1)
  4 large abominations
  5 bog bodies
  2 fire giant simulacra
  52 redbacks
  An ettin skeleton (Depths:2)
  An ice dragon zombie (Crypt:3)
  2 flying skulls
  4 shadows
  28 spriggans
  2 spriggans (shapeshifter)
  A redback (shapeshifter) (Depths:5)
  5 air elementals
  20 tarantellas
  10 wraiths
  35 yaks
  A vampire (Abyss:2)
  A dire elephant simulacrum (IceCv)
  10 wyverns
  7 basilisks
  4 water elementals
  2 hungry ghosts
  2 ynoxinuls (Abyss:2)
  3 hogs (Swamp:3)
  3 fire bats
  3 fire elementals
  2 human simulacra
  5 neqoxecs
  Menkaure (D:6)
  5 small abominations
  A wind drake skeleton (Crypt:2)
  4 harpy simulacra (IceCv)
  A two-headed ogre zombie (Crypt:3)
  9 vampire mosquitoes
  Edmund (D:6)
  An iron troll simulacrum (IceCv)
  9 wargs
  A merfolk zombie (Crypt:1)
  13 swamp worms
  11 insubstantial wisps
  An acid dragon (D:12)
  A swamp worm (shapeshifter) (Vaults:1)
  11 water moccasins
  The ghost of MisterT the Twirler, an amateur GrGl of Wu Jian (D:5)
  An infernal demonspawn zombie (Crypt:3)
  A torturous demonspawn skeleton (Crypt:2)
  10 porcupines
  6 hell hounds
  A deep troll skeleton (Vaults:1)
  14 swamp drakes
  48 orc warriors
  A slave (D:7)
  2 eyes of draining (shapeshifter)
  2 floating eyes (Depths:5)
  3 ice beasts
  2 sky beasts
  9 black bears
  2 phantoms
  A dream sheep zombie (Crypt:1)
  2 eyes of draining
  46 ogres
  A tengu (shapeshifter) (Vaults:5)
  An ice dragon simulacrum (Crypt:3)
  3 necrophages
  17 boggarts
  A torpor snail zombie (Crypt:2)
  20 wolves
  21 centaurs
  12 crocodiles
  A big kobold (shapeshifter) (D:14)
  A big kobold (D:12)
  A human zombie (Vaults:4)
  14 bullfrogs
  2 gnoll sergeants (D:9)
  A wyvern skeleton (D:9)
  2 earth elementals
  A wyvern zombie (D:11)
  3 scorpions
  A shapeshifter zombie (Crypt:3)
  A spectral ogre (Crypt:3)
  A manticore simulacrum (Crypt:3)
  A snapping turtle simulacrum (Crypt:3)
  16 killer bees (D:8)
  A raiju skeleton (Crypt:3)
  8 wights
  A troll skeleton (Crypt:2)
  4 electric eels (Lair:4)
  2 lava snakes (Volcano)
  3 bullfrog zombies
  10 crimson imps
  6 hounds
  A quasit (D:11)
  A jelly (D:8)
  32 orc priests
  4 bullfrog skeletons
  An iron imp (Abyss:3)
  An iguana (D:4)
  10 worker ants
  23 orc wizards
  A tengu zombie (Crypt:2)
  A crocodile skeleton (Crypt:1)
  2 hound zombies
  16 gnolls
  10 adders
  3 shadow imps
  A steam dragon skeleton (Crypt:3)
  A white imp (Abyss:3)
  2 ufetubi (Abyss:2)
  2 oozes
  An adder skeleton (D:2)
  2 worms
  A dart slug (D:1)
  7 leopard geckos
  102 orcs
  4 ball pythons
  6 giant cockroaches
  3 goblins
  9 hobgoblins
  3 jackals (D:4)
  8 quokkas
  A ball python zombie (Crypt:3)
  13 bats
  4 frilled lizards
  A jackal skeleton (Crypt:3)
  11 kobolds
  A leopard gecko skeleton (D:7)
  An orc skeleton (Crypt:1)
  2 orc zombies
  A quokka skeleton (D:5)
  A quokka zombie (Crypt:1)
  9 rats
  A rat zombie (Crypt:1)
  A briar patch (Swamp:4)
  2 crawling corpses (Vaults:4)
  A lurking horror (Abyss:3)
  4 plants (D:10)
  A starspawn tentacle (Abyss:3)
2493 creatures vanquished.

Vanquished Creatures (collateral kills)
  Bai Suzhen (Vaults:3)
  Jorgrun (Swamp:3)
  A lich (Vaults:5)
  2 titans (Vaults:5)
  A deep elf blademaster (Elf:3)
  A sphinx (Vaults:5)
  A shadow dragon (Vaults:5)
  A tengu reaver (Vaults:5)
  A vault warden (Vaults:5)
  An ironheart preserver (Vaults:5)
  A stone giant (Depths:4)
  A very ugly thing (Vaults:5)
  A deep elf demonologist (Depths:4)
  A deep elf annihilator (Elf:3)
  4 ettins
  A deep elf high priest (Elf:3)
  A yaktaur captain (Vaults:5)
  2 vault guards (Vaults:5)
  A hydra (Swamp:3)
  A deep troll shaman (Depths:2)
  4 two-headed ogres
  An ogre mage (Vaults:2)
  2 hell knights
  2 deep trolls
  A swamp dragon (Swamp:1)
  2 deep elf archers (Elf:3)
  A phantasmal warrior (Vaults:5)
  4 deep elf magi
  An ironbrand convoker (Vaults:5)
  A vault sentinel (Vaults:5)
  A molten gargoyle (Volcano)
  A centaur skeleton (D:14)
  A yaktaur (Vaults:5)
  An ancient zyme (Abyss:3)
  3 slime creatures (D:14)
  A bog body (Swamp:1)
  A shadow (Swamp:3)
  3 wraiths (Swamp:1)
  3 vampire mosquitoes (Swamp:1)
  A swamp worm (Swamp:3)
  2 ogres (Vaults:5)
  A crimson imp (D:14)
  An orc (Orc:1)
  A briar patch (Swamp:4)
65 creatures vanquished.

Vanquished Creatures (others)
  2 fire giants
  A draconian knight (Depths:5)
  2 dancing weapons
  A hell hog (Abyss:3)
  2 deep elf knights
  A shadow wraith (Vaults:1)
  3 unseen horrors (Abyss:3)
  An orc knight (Orc:1)
  An ironbrand convoker (Vaults:5)
  2 deep elf magi
  A jumping spider (Spider:4)
  5 hornets
  2 slime creatures (Swamp:2)
  An air elemental (Elf:1)
  5 spriggans
  A human (Swamp:3)
  2 swamp worms (Swamp:2)
  3 orc warriors
  2 ogres
  A small abomination (Abyss:2)
  6 orcs
  A briar patch (Swamp:4)
  A bush (Lair:6)
  20 fungi
  A lurking horror (Abyss:3)
  16 plants
  25 starspawn tentacles
109 creatures vanquished.

Grand Total: 2667 creatures vanquished

Notes
Turn   | Place    | Note
-------+----------+-------------------------------------------
     0 | D:1      | grindst0ne the Kobold Berserker began the quest for the
                  | Orb.
     0 | D:1      | Reached XP level 1. HP: 14/14 MP: 1/1
    77 | D:1      | Reached XP level 2. HP: 13/19 MP: 2/2
   318 | D:1      | Reached skill level 3 in Dodging
   367 | D:1      | Reached XP level 3. HP: 23/24 MP: 3/3
   717 | D:2      | Reached ** piety under Trog
  1184 | D:2      | Reached XP level 4. HP: 29/29 MP: 4/4
  1666 | D:2      | Found a faded altar of an unknown god.
  2074 | D:3      | Reached skill level 5 in Short Blades
  2183 | D:3      | Reached *** piety under Trog
  2183 | D:3      | Reached XP level 5. HP: 33/33 MP: 5/5
  2651 | D:3      | Reached skill level 4 in Dodging
  2992 | D:4      | Reached XP level 6. HP: 38/39 MP: 6/6
  3517 | D:4      | Identified the +1 robe "Plog" {Regen+}
  3864 | D:4      | Reached skill level 5 in Fighting
  3864 | D:4      | Reached XP level 7. HP: 34/44 MP: 7/7
  3866 | D:4      | Found a staircase to the Ecumenical Temple.
  3935 | D:4      | Found a shattered altar of Ashenzari.
  3976 | D:4      | Found a burning altar of Makhleb.
  4012 | D:4      | Found a snail-covered altar of Cheibriados.
  4021 | D:4      | Reached skill level 5 in Dodging
  4365 | D:5      | Entered Level 5 of the Dungeon
  4543 | D:5      | Found a runed translucent gate.
  4543 | D:5      | Noticed jazmu's ghost (novice FoGl)
  4543 | D:5      | Noticed MisterT's ghost (amateur GrGl)
  4544 | D:5      | Found a runed translucent gate.
  4544 | D:5      | Found a runed translucent gate.
  4544 | D:5      | Noticed L3W1S007's ghost (novice MiFi)
  4544 | D:5      | Noticed Crl's ghost (novice GrFi)
  4602 | D:5      | Found a basalt altar of Yredelemnul.
  5127 | D:5      | Reached skill level 1 in Shields
  5127 | D:5      | Reached XP level 8. HP: 34/51 MP: 8/8
  5219 | D:5      | Found a glowing silver altar of Zin.
  5377 | D:6      | Reached skill level 6 in Dodging
  5400 | D:6      | Found Ibbyr's Incredible Inventory.
  5401 | D:6      | Found Pucrurud's General Store.
  5408 | D:6      | Bought a scroll of identify for 26 gold pieces
  5417 | D:6      | Bought a scroll of identify for 20 gold pieces
  5473 | D:6      | Noticed Edmund
  5487 | D:6      | Killed Edmund
  5542 | D:6      | Noticed a hippogriff
  5551 | D:6      | Killed a hippogriff
  5615 | D:6      | Noticed Menkaure
  5622 | D:6      | Killed Menkaure
  5665 | D:6      | Reached XP level 9. HP: 56/56 MP: 9/9
  5719 | D:6      | Reached skill level 7 in Dodging
  5914 | D:6      | Found a blossoming altar of Fedhas.
  5926 | D:6      | Noticed an oklob plant
  6190 | D:7      | Reached skill level 1 in Evocations
  6256 | D:7      | Found the +5 scythe "Finisher" {speed, eviscerate}
  6275 | D:7      | Got a brightly glowing dagger
  6276 | D:7      | Identified the +7 dagger of Valour {pierce, rF+ MR+ Dex+3}
                  | (You found it on level 7 of the Dungeon)
  6340 | D:7      | Found a runed translucent gate.
  6340 | D:7      | Found a runed translucent gate.
  6341 | D:7      | Found a runed translucent gate.
  6344 | D:7      | Noticed Hyawatha's ghost (novice GnAM)
  6440 | D:7      | Found a sparkling altar of Nemelex Xobeh.
  6474 | D:7      | Found a stormy altar of Qazlal.
  6487 | D:7      | Noticed Pikel
  6502 | D:7      | Killed Pikel
  6804 | D:8      | Found a sacrificial altar of Ru.
  6860 | D:8      | Found a shadowy altar of Dithmenos.
  6948 | D:8      | Reached **** piety under Trog
  6956 | D:8      | Reached skill level 5 in Stealth
  6956 | D:8      | Reached XP level 10. HP: 63/63 MP: 12/12
  7125 | D:8      | Found an iron altar of Okawaru.
  7126 | D:8      | Found a bloodstained altar of Trog.
  7330 | D:8      | Found a radiant altar of Vehumet.
  7331 | D:8      | Found an ornate altar of the Wu Jian Council.
  7431 | D:8      | Reached skill level 10 in Short Blades
  7513 | D:8      | Found an ancient bone altar of Kikubaaqudgha.
  7643 | D:9      | Reached skill level 5 in Evocations
  7856 | D:9      | Reached ***** piety under Trog
  7890 | D:9      | Noticed a two-headed ogre
  7895 | D:9      | Killed a two-headed ogre
  7895 | D:9      | Reached skill level 5 in Shields
  8111 | D:9      | Found a hazy altar of Hepliaklqana.
  8119 | D:9      | Reached XP level 11. HP: 64/67 MP: 15/15
  8439 | D:9      | Noticed a two-headed ogre
  8455 | D:9      | Killed a two-headed ogre
  8455 | D:9      | Reached skill level 10 in Stealth
  8615 | D:5      | Killed jazmu's ghost
  8615 | D:5      | Received a gift from Trog
  8632 | D:5      | Killed Crl's ghost
  8635 | D:5      | Killed MisterT's ghost
  8651 | D:5      | Killed L3W1S007's ghost
  8886 | D:7      | Killed Hyawatha's ghost
  8994 | D:10     | Entered Level 10 of the Dungeon
  9184 | D:10     | Found a staircase to the Lair.
  9184 | D:10     | Noticed an oklob plant
  9442 | D:10     | Noticed a two-headed ogre
  9457 | D:10     | Killed a two-headed ogre
  9634 | D:11     | Found Paginor's Magic Scroll Boutique.
  9645 | D:11     | Bought a scroll of identify for 24 gold pieces
  9645 | D:11     | Bought a scroll of identify for 24 gold pieces
  9645 | D:11     | Bought a scroll of enchant armour for 90 gold pieces
  9645 | D:11     | Bought a scroll of teleportation for 36 gold pieces
  9645 | D:11     | Bought a scroll of fear for 42 gold pieces
  9763 | D:11     | Found a shimmering altar of Xom.
  9764 | D:11     | Found a shimmering altar of Xom.
  9765 | D:11     | Found a shimmering altar of Xom.
  9765 | D:11     | Found a shimmering altar of Xom.
  9768 | D:11     | Found a shimmering altar of Xom.
  9897 | D:11     | Noticed a harpy
  9897 | D:11     | a shapeshifter changed into a harpy
  9905 | D:11     | a harpy changed into a komodo dragon
  9940 | D:11     | Noticed a faun
 10020 | D:11     | Reached XP level 12. HP: 72/72 MP: 16/16
 10062 | D:11     | Noticed Sonja
 10069 | D:11     | Killed Sonja
 10086 | D:11     | Found a staircase to the Orcish Mines.
 10098 | D:11     | Found a roughly hewn altar of Beogh.
 10386 | D:12     | Received a gift from Trog
 10577 | D:12     | Noticed a four-headed hydra
 10579 | D:12     | Killed a four-headed hydra
 10756 | D:12     | Noticed Nessos
 10760 | D:12     | Killed Nessos
 10760 | D:12     | Received a gift from Trog
 10765 | D:12     | Got a scorched short sword {god gift}
 10766 | D:12     | Identified the +6 short sword "Fywkav" {holy, Str+4 Int+2}
                  | (Trog gifted it to you on level 12 of the Dungeon)
 11128 | D:12     | Noticed Fannar
 11136 | D:12     | Killed Fannar
 11218 | D:12     | Found Xoylageg's Distillery.
 11235 | D:12     | Noticed Asucawi's ghost (journeyman DgWn)
 11238 | D:12     | Found a runed translucent gate.
 11238 | D:12     | Found a runed translucent gate.
 11238 | D:12     | Found a runed translucent gate.
 11238 | D:12     | Noticed a sphinx
 11605 | D:10     | Reached XP level 13. HP: 40/77 MP: 17/17
 11669 | Lair:1   | Entered Level 1 of the Lair of Beasts
 11749 | Lair:1   | Reached skill level 8 in Dodging
 11764 | Lair:1   | Noticed a six-headed hydra
 11783 | Lair:1   | Killed a six-headed hydra
 11784 | Lair:1   | Noticed an eight-headed hydra
 11790 | Lair:1   | Killed an eight-headed hydra
 12489 | Lair:2   | Noticed an eight-headed hydra
 12505 | Lair:2   | Reached skill level 9 in Dodging
 12508 | Lair:2   | Killed an eight-headed hydra
 12589 | Lair:2   | Found a dark tunnel.
 12622 | Volcano  | Entered a volcano
 12766 | Volcano  | Found a burning altar of Makhleb.
 12766 | Volcano  | Noticed a centaur warrior
 12774 | Volcano  | Killed a centaur warrior
 12990 | Lair:2   | Found a hole to the Spider Nest.
 13201 | Lair:2   | Reached skill level 10 in Dodging
 13282 | Lair:2   | Found a staircase to the Swamp.
 13454 | Lair:3   | Found a runed translucent gate.
 13454 | Lair:3   | Noticed a four-headed hydra
 13455 | Lair:3   | Found a runed translucent gate.
 13469 | Lair:3   | Found a runed translucent gate.
 13470 | Lair:3   | Noticed Dikli's ghost (journeyman MiBe)
 13477 | Lair:3   | Killed a four-headed hydra
 13650 | Lair:3   | Killed Dikli's ghost
 13650 | Lair:3   | Reached skill level 10 in Fighting
 13919 | Lair:3   | Reached XP level 14. HP: 88/88 MP: 18/18
 13968 | Lair:3   | Found a shattered altar of Ashenzari.
 14430 | Lair:4   | Reached skill level 11 in Dodging
 15680 | Lair:5   | Reached skill level 12 in Dodging
 15701 | Lair:5   | Reached skill level 10 in Shields
 15890 | Lair:5   | Reached ****** piety under Trog
 15921 | Lair:5   | Received a gift from Trog
 16349 | Lair:5   | Found a viscous altar of Jiyva.
 16349 | Lair:5   | Found a staircase to the Slime Pits.
 16873 | Lair:6   | Entered Level 6 of the Lair of Beasts
 16951 | Lair:6   | Reached XP level 15. HP: 63/96 MP: 19/19
 17542 | Lair:6   | Reached skill level 13 in Dodging
 19293 | D:13     | Found a gate to the Vaults.
 19332 | D:13     | Gained mutation: You tend to lose your temper in combat. [a
                  | shining eye]
 19362 | D:13     | Reached skill level 5 in Armour
 19878 | D:13     | Noticed Frances
 19902 | D:13     | Killed Frances
 19902 | D:13     | Received a gift from Trog
 21110 | D:14     | Lost mutation: You tend to lose your temper in combat.
                  | [potion of mutation]
 21110 | D:14     | Gained mutation: Your body sometimes deteriorates upon
                  | taking damage. [potion of mutation]
 21110 | D:14     | Gained mutation: Your muscles are strong. (Str +2) [potion
                  | of mutation]
 21110 | D:14     | Gained mutation: You have a pair of small antennae on your
                  | head. [potion of mutation]
 21171 | D:14     | Reached XP level 16. HP: 82/104 MP: 20/20
 21201 | D:14     | Found a shimmering blue altar of Sif Muna.
 21276 | D:14     | Reached skill level 14 in Dodging
 21555 | D:14     | Noticed Louise
 21562 | D:14     | Killed Louise
 21743 | D:14     | Found Behaunam's Antique Armour Boutique.
 21746 | D:14     | Bought a twisted cloak for 218 gold pieces
 21756 | D:14     | Identified the +2 cloak "Apluof" {rC+ Regen+} (You bought
                  | it in a shop on level 14 of the Dungeon)
 22540 | D:15     | Entered Level 15 of the Dungeon
 22801 | D:15     | Found a staircase to the Depths.
 22853 | D:15     | Received a gift from Trog
 22981 | D:15     | Found an ornate altar of the Wu Jian Council.
 23359 | D:15     | Found a burning altar of Makhleb.
 23436 | D:15     | Found a transporter.
 23440 | D:15     | Found a transporter.
 23443 | D:15     | Noticed Lyganif's ghost (journeyman DsGl)
 23830 | Orc:1    | Entered Level 1 of the Orcish Mines
 23996 | Orc:1    | Cast into level 2 of the Abyss (orc knight)
 23999 | Abyss:2  | Found a corrupted altar of Lugonu.
 24089 | Abyss:2  | Identified a scroll of acquirement
 24099 | Abyss:2  | Noticed an Executioner
 24216 | Abyss:2  | Noticed a tentacled starspawn
 24226 | Abyss:2  | Noticed a bone dragon
 24313 | Abyss:2  | Found a sacrificial altar of Ru.
 24479 | Abyss:2  | Noticed a tentacled starspawn
 24529 | Abyss:2  | Noticed a tentacled starspawn
 24697 | Abyss:2  | Got a spiked chain mail
 24808 | Abyss:2  | Got a spiked plate armour
 24815 | Abyss:2  | Noticed a bone dragon
 24823 | Abyss:2  | Noticed a bone dragon
 24979 | Abyss:2  | Noticed a tentacled starspawn
 24983 | Abyss:2  | Noticed a tentacled starspawn
 25037 | Abyss:2  | Noticed a tentacled starspawn
 25040 | Abyss:2  | Noticed a daeva
 25234 | Abyss:2  | Got a pitted bone amulet
 25402 | Abyss:2  | Noticed a bone dragon
 25427 | Abyss:2  | Found a shattered altar of Ashenzari.
 25459 | Abyss:2  | Reached skill level 15 in Dodging
 25584 | Abyss:2  | Got a pair of jewelled gloves
 25670 | Abyss:2  | Found a corrupted altar of Lugonu.
 25863 | Abyss:2  | Found a burning altar of Makhleb.
 25903 | Abyss:2  | Identified the cursed +0 pair of gloves "Jeazaj" {rPois
                  | Dex+4 Stlth+} (You found it on level 2 of the Abyss)
 26378 | Abyss:2  | Received a gift from Trog
 26417 | Orc:1    | Escaped the Abyss
 26440 | Orc:1    | Noticed Nergalle
 26466 | Orc:1    | Killed Nergalle
 26603 | Orc:1    | Found Xusuoduc's Distillery.
 26614 | Orc:1    | Found Iguvuiwo's Distillery.
 26737 | Orc:1    | Found Enylukhle's Gadget Boutique.
 26866 | Orc:2    | Entered Level 2 of the Orcish Mines
 26878 | Orc:2    | Reached XP level 17. HP: 112/112 MP: 21/21
 27012 | Orc:2    | Found a roughly hewn altar of Beogh.
 27015 | Orc:2    | Found Ujecuxed's Armour Shop.
 27154 | Orc:2    | Found a roughly hewn altar of Beogh.
 27609 | Orc:2    | Found Dyci's Antique Armour Boutique.
 27609 | Orc:2    | Found a roughly hewn altar of Beogh.
 27704 | Orc:2    | Found a roughly hewn altar of Beogh.
 27707 | Orc:2    | Received a gift from Trog
 27775 | Orc:2    | Found a staircase to the Elven Halls.
 27880 | Orc:2    | Found Gagust's Antique Weapon Shop.
 27984 | Orc:2    | Found a roughly hewn altar of Beogh.
 27987 | Orc:2    | Found Fuyhetuet's Jewellery Shop.
 28194 | Orc:2    | Reached skill level 15 in Fighting
 28332 | Orc:2    | Identified the +0 chain mail "Cequpotz" {-Tele rN+ Int+6
                  | Stlth+} (You found it on level 2 of the Abyss)
 28342 | Orc:2    | Identified the +1 plate armour "Hero's Friend" {rF+} (You
                  | found it on level 2 of the Abyss)
 28437 | Swamp:1  | Entered Level 1 of the Swamp
 28555 | Swamp:1  | Reached skill level 16 in Dodging
 28604 | Swamp:1  | Noticed Josephine
 28647 | Swamp:1  | Killed Josephine
 29823 | Swamp:2  | Received a gift from Trog
 30080 | Swamp:2  | Noticed MendTheBones's ghost (journeyman GnWz)
 30090 | Swamp:2  | Identified the cursed +1 rapier of Qiofoin {elec, +Rage rC-
                  | Int+6}
 30106 | Swamp:2  | Found a bloodstained altar of Trog.
 30112 | Swamp:2  | Found a transporter.
 30116 | Swamp:2  | Identified the +3 broad axe of Waelerr {distort, *Corrode
                  | rElec MR+}
 30117 | Swamp:2  | Identified the +8 broad axe of Doom {freeze, rPois rN+}
 30130 | Swamp:2  | Found a transporter.
 30519 | Swamp:3  | Noticed Kirke
 30522 | Swamp:3  | Noticed Mara
 30683 | Swamp:3  | Killed Kirke
 30719 | Swamp:3  | Noticed Nikola
 30720 | Swamp:3  | Noticed Jorgrun
 30769 | Swamp:3  | Killed Nikola
 30836 | Swamp:3  | Noticed grindst0ne's illusion
 30847 | Swamp:3  | Killed Mara
 30850 | Swamp:3  | Killed Jorgrun
 30898 | Swamp:3  | Reached XP level 18. HP: 102/119 MP: 24/24
 31178 | Swamp:3  | Identified the amulet of Tuil {+Rage rElec rPois rC+} (You
                  | acquired it on level 2 of the Abyss)
 31206 | Swamp:3  | Reached skill level 1 in Long Blades
 31561 | Swamp:4  | Entered Level 4 of the Swamp
 32462 | Swamp:4  | Noticed the 27-headed Lernaean hydra
 32464 | Swamp:4  | Received a gift from Trog
 32464 | Swamp:4  | Reached skill level 5 in Long Blades
 33068 | Swamp:4  | Got a decaying rune of Zot
 33397 | Spider:1 | Entered Level 1 of the Spider Nest
 34568 | Spider:2 | Found a frozen archway.
 34626 | IceCv    | Entered an ice cave
 34807 | IceCv    | Reached XP level 19. HP: 124/124 MP: 25/25
 34899 | IceCv    | Noticed an Ice Fiend
 34906 | IceCv    | Killed an Ice Fiend
 35120 | IceCv    | Got a twisted demon whip
 35169 | Spider:2 | Identified the +6 demon whip of the Mind {freeze, rN++
                  | Dex+3 SInv} (You found it in an ice cave)
 35270 | Spider:2 | Noticed Agnes
 35288 | Spider:2 | Killed Agnes
 35639 | Spider:2 | Noticed Arachne
 35665 | Spider:2 | Killed Arachne
 35665 | Spider:2 | Reached skill level 10 in Long Blades
 36837 | Spider:4 | Entered Level 4 of the Spider Nest
 37144 | Spider:4 | Received a gift from Trog
 37399 | Spider:4 | Found a large runed translucent door.
 37399 | Spider:4 | Found a large runed translucent door.
 37404 | Spider:4 | Noticed Mesmaeker13's ghost (adept DsGl)
 37415 | Spider:4 | Killed Mesmaeker13's ghost
 37868 | Spider:4 | Reached XP level 20. HP: 127/129 MP: 0/26
 37997 | Spider:4 | Got a gossamer rune of Zot
 38317 | Depths:1 | Entered Level 1 of the Depths
 38651 | Depths:1 | Found a one-way gate to the infinite horrors of the Abyss.
 38960 | Depths:1 | Found a gateway to Hell.
 39114 | Depths:1 | Reached skill level 10 in Armour
 39221 | Depths:1 | Received a gift from Trog
 40492 | Depths:2 | Got a transparent garnet amulet
 40494 | Depths:2 | Identified the amulet "Sel Edua" {RegenMP rC+ Int+4} (You
                  | acquired it on level 2 of the Depths)
 40571 | Depths:2 | Reached XP level 21. HP: 52/137 MP: 27/27
 40573 | Depths:2 | Found a one-way gate leading to the halls of Pandemonium.
 40593 | Depths:2 | Got a smoking granite ring
 40595 | Depths:2 | Identified the ring "Lanaf" {rC+ MR+ Str+3 Int+2} (You
                  | found it on level 2 of the Depths)
 40632 | Depths:2 | Found a gateway to a ziggurat.
 41118 | Depths:3 | Found a portal to a secret trove of treasure.
 41269 | Depths:3 | Noticed a juggernaut
 41310 | Depths:3 | Killed a juggernaut
 41339 | Depths:3 | Identified the +8 broad axe "Botap" {venom, rF+ rC- Dex+5}
 41353 | Depths:3 | Received a gift from Trog
 42062 | Depths:3 | Got a crude demon blade
 42067 | Depths:3 | Identified the +3 demon blade of Compulsion {vamp, rF+
                  | Dex+9} (You found it on level 3 of the Depths)
 42414 | Depths:3 | Identified the +6 scimitar "grindst0ne's Death" {slice,
                  | +Rage rF+}
 42490 | Depths:3 | Received a gift from Trog
 42722 | Depths:4 | Reached XP level 22. HP: 142/145 MP: 28/28
 42903 | Depths:4 | Paralysed by a great orb of eyes for 7 turns
 43511 | Depths:4 | Received a gift from Trog
 43812 | Depths:4 | Found an opulent altar of Gozag.
 43866 | Depths:4 | Noticed a golden dragon
 43892 | Depths:4 | Killed a golden dragon
 44208 | Depths:4 | Received a gift from Trog
 44253 | Depths:4 | Noticed the Enchantress
 44325 | Depths:4 | Killed the Enchantress
 44325 | Depths:4 | Reached skill level 17 in Dodging
 44691 | Depths:5 | Entered Level 5 of the Depths
 44723 | Depths:5 | Reached XP level 23. HP: 153/153 MP: 29/29
 44777 | Depths:5 | Found a gate to the Realm of Zot.
 45038 | Depths:5 | Paralysed by a floating eye for 4 turns
 46116 | Elf:1    | Entered Level 1 of the Elven Halls
 46170 | Elf:1    | Found Xugel's Jewellery Boutique.
 46177 | Elf:1    | Bought the ring of Fafur {+Inv MR+ Dex-2 Slay+2} for 604
                  | gold pieces
 46365 | Elf:1    | Received a gift from Trog
 46557 | Elf:1    | Identified the Handbook of Conjuration
 46864 | Elf:1    | Reached skill level 15 in Shields
 46968 | Elf:1    | Received a gift from Trog
 47176 | Elf:1    | Found a runed translucent gate.
 47177 | Elf:1    | Found a runed translucent gate.
 47178 | Elf:1    | Found a runed translucent gate.
 47178 | Elf:1    | Noticed agentgt's ghost (adept HuVM)
 47377 | Elf:1    | Killed agentgt's ghost
 47502 | Elf:1    | Got a slimy jade ring
 47506 | Elf:1    | Identified the ring of Law {rPois MP+9} (You found it on
                  | level 1 of the Elven Halls)
 47511 | Elf:1    | Got a distressingly furry hat
 47517 | Elf:1    | Identified the +2 hat "Luxukus" {Regen+} (You found it on
                  | level 1 of the Elven Halls)
 47618 | Elf:2    | Found a runed translucent gate.
 47620 | Elf:2    | Found a runed translucent gate.
 47623 | Elf:2    | Found a runed translucent gate.
 48032 | Elf:2    | Reached skill level 18 in Dodging
 48477 | Elf:2    | Reached XP level 24. HP: 117/160 MP: 29/29
 48587 | Elf:3    | Entered Level 3 of the Elven Halls
 48761 | Elf:3    | Received a gift from Trog
 48810 | Elf:3    | Found Vujogax's Magic Scroll Emporium.
 48814 | Elf:3    | Bought a scroll of teleportation for 48 gold pieces
 48814 | Elf:3    | Bought a scroll of blinking for 120 gold pieces
 49334 | Elf:3    | Identified the +8 falchion "Dujiamej" {vamp, *Corrode Int+5
                  | Dex+6}
 49786 | Elf:3    | Received a gift from Trog
 49866 | Elf:3    | Identified the ring "Zyxorob" {*Tele rElec Int+4}
 49867 | Elf:3    | Identified the +7 spear "Hellblazer" {vamp, rElec rC+ MR+
                  | Str-5}
 49900 | Elf:3    | Identified the ring of Boan {Int+4 Stlth-}
 49903 | Elf:3    | Identified the cursed +2 great sword of Weugacow {vamp,
                  | rC++}
 49905 | Elf:3    | Identified the cursed +1 plate armour "Fife Vumooch"
                  | {+Blink}
 49922 | Elf:3    | Identified the +9 quarterstaff "Nen Jofa" {drain, rF- rC+
                  | Int+4}
 49977 | Elf:3    | Identified the ring of Elyvilon's Generosity {rPois rF+
                  | Str+2 Int+5 Dex+2}
 50006 | Elf:3    | Identified the Disquisition on Feathers
 50010 | Elf:3    | Identified the Volume of Destructive Cold
 50017 | Elf:3    | Identified the Compendium of Lucky Changing
 50019 | Elf:3    | Identified Niroitzi's Volume of Transmutation and Dark
                  | Rituals
 50661 | Depths:3 | You paid a toll of a +6 demon trident to enter a treasure
                  | trove
 50662 | Trove    | Entered a treasure trove
 50678 | Trove    | Got a steaming steel ring
 50691 | Trove    | Got a sparkling golden ring
 50713 | Depths:3 | Identified the ring "Vuosyrph" {Fire +Blink rN++} (You
                  | found it in a treasure trove)
 50714 | Depths:3 | Identified the ring "Rays" {Fire rPois rN+ Dex+4} (You
                  | found it in a treasure trove)
 50868 | Vaults:1 | Entered Level 1 of the Vaults
 51110 | Vaults:1 | Received a gift from Trog
 51110 | Vaults:1 | Reached skill level 19 in Dodging
 51527 | Vaults:1 | Reached skill level 10 in Evocations
 51546 | Vaults:1 | Reached XP level 25. HP: 168/168 MP: 30/30
 52419 | Vaults:2 | Received a gift from Trog
 53275 | Vaults:2 | Received a gift from Trog
 53638 | Vaults:2 | Reached skill level 15 in Armour
 53638 | Vaults:2 | Reached skill level 20 in Dodging
 53653 | Vaults:2 | Noticed Asterion
 53689 | Vaults:2 | Killed Asterion
 53897 | Vaults:2 | Received a gift from Trog
 54608 | Vaults:3 | Reached XP level 26. HP: 174/174 MP: 32/32
 54859 | Vaults:3 | Found Ossuenuf's Weapon Boutique.
 55048 | Vaults:3 | Got a slimy bronze amulet
 55049 | Vaults:3 | Identified the amulet "Lojev" {Faith SInv} (You found it on
                  | level 3 of the Vaults)
 55232 | Vaults:3 | Found a staircase to the Crypt.
 55483 | Vaults:3 | Found a portal to a secret trove of treasure.
 55597 | Vaults:3 | Noticed Bai Suzhen
 55615 | Vaults:3 | Killed Bai Suzhen
 56127 | Vaults:4 | Received a gift from Trog
 56235 | Vaults:4 | Noticed Aizul
 56259 | Vaults:4 | Killed Aizul
 56287 | Vaults:4 | Reached skill level 21 in Dodging
 56740 | Vaults:4 | Received a gift from Trog
 57316 | Vaults:5 | Entered Level 5 of the Vaults
 57485 | Vaults:5 | Noticed Frederick
 57503 | Vaults:5 | Killed Frederick
 57503 | Vaults:5 | Reached XP level 27. HP: 169/179 MP: 33/33
 57618 | Vaults:5 | Identified the ring "Dotwoq" {rC+ Int+2 Slay+6}
 57657 | Vaults:5 | Noticed an ancient lich
 57664 | Vaults:5 | Noticed an ancient lich
 57687 | Vaults:5 | Reached skill level 22 in Dodging
 57961 | Vaults:5 | Received a gift from Trog
 58134 | Vaults:5 | Cast into level 3 of the Abyss (a deep elf sorcerer)
 58443 | Abyss:3  | Got an abyssal rune of Zot
 58451 | Vaults:5 | Escaped the Abyss
 58469 | Vaults:5 | Killed an ancient lich
 58616 | Vaults:5 | Cast into level 3 of the Abyss (a deep elf demonologist)
 58661 | Vaults:5 | Escaped the Abyss
 58779 | Vaults:5 | Received a gift from Trog
 58852 | Vaults:5 | Identified the cursed +0 dagger of Crawling {flame, rElec
                  | Int+2 SInv}
 58865 | Vaults:5 | Noticed an ancient lich
 58889 | Vaults:5 | Killed an ancient lich
 58905 | Vaults:5 | Killed an ancient lich
 58915 | Vaults:5 | Reached skill level 23 in Dodging
 59070 | Vaults:5 | Identified the ring of the Will of the Gods {rF+ rN+
                  | Slay+2} (You acquired it on level 5 of the Vaults)
 59384 | Vaults:5 | Got a silver rune of Zot
 59563 | Vaults:5 | Received a gift from Trog
 60019 | Temple   | Entered the Ecumenical Temple
 60106 | Temple   | Fell from the grace of Trog
 60106 | Temple   | Became a worshipper of the Shining One
 60718 | Crypt:1  | Entered Level 1 of the Crypt
 60841 | Crypt:1  | Reached * piety under the Shining One
 60931 | Crypt:1  | Reached ** piety under the Shining One
 61190 | Crypt:1  | Reached skill level 1 in Invocations
 61383 | Crypt:2  | Reached *** piety under the Shining One
 61460 | Crypt:2  | Reached skill level 5 in Invocations
 61473 | Crypt:2  | Reached **** piety under the Shining One
 61600 | Crypt:2  | Reached ***** piety under the Shining One
 62442 | Crypt:3  | Entered Level 3 of the Crypt
 62480 | Crypt:3  | Reached skill level 10 in Invocations
 62515 | Crypt:3  | Reached ****** piety under the Shining One
 62596 | Crypt:2  | Identified a +9 eudemon blade of holy wrath (a +9 demon
                  | blade of electrocution blessed by the Shining One)
 62596 | Crypt:2  | Received a gift from the Shining One
 62939 | Crypt:3  | Paralysed by Trog for 5 turns
 63256 | Crypt:3  | Learned a level 2 spell: Blink
 63263 | Crypt:3  | Learned a level 6 spell: Deflect Missiles
 63528 | Crypt:3  | Found a staircase to the Tomb.
 63918 | Crypt:3  | Found the +9 sword of Zonguldrok {reap}
 64073 | Crypt:3  | Got an ancient platinum amulet
 64073 | Crypt:3  | Got a smoking golden ring
 64085 | Crypt:3  | Identified the amulet "Feavio" {rC+ Regen+} (You found it
                  | on level 3 of the Crypt)
 64086 | Crypt:3  | Identified the ring "Fabboth" {rPois rN+} (You found it on
                  | level 3 of the Crypt)
 64090 | Crypt:3  | Got a glittering bronze ring
 64091 | Crypt:3  | Identified the ring "Usun" {rN+ MR+ Str+2} (You found it on
                  | level 3 of the Crypt)
 64190 | Crypt:3  | Found the +5 demon whip "Spellbinder" {antimagic, MR+}
 64217 | Crypt:3  | Got a coiled lapis lazuli ring
 64218 | Crypt:3  | Identified the ring "Bezicis" {*Tele rElec MP-9 Dex+3
                  | Stlth+} (You found it on level 3 of the Crypt)
 64593 | Zot:1    | Entered Level 1 of the Realm of Zot
 65105 | Vaults:5 | Paralysed by Trog for 7 turns
 65256 | Vaults:2 | HP: 8/183 [ogre/+0 giant club[the rage of Trog] (10)]
 65256 | Vaults:2 | Demolished by a two-headed ogre

Levels and vault maps discovered:
D:1:      dpeg_arrival_tiny_a, layout_basic, nrook_mini_vaults
D:2:      minmay_angry_zag, layout_basic, chequers_ecumenical_altar_grove,
          grunt_ministairs_11
D:3:      minmay_door_path, layout_basic, first_ration
D:4:      layout_gridville, kennysheep_mini_moat, nicolae_ashenzari_panopticon,
          minmay_temple_entry_ruins, grunt_decor_arrowhead,
          minmay_misc_feat_square, bloody_makhleb
D:5:      layout_layer_cave, zin_statuary, basic_altar,
          gammafunk_ghost_cemetery, ebering_dispersal_statue_hall, st_stairs_8
D:6:      layout_cave_pools, serial_shops, nicolae_shop_trees,
          nicolae_water_bricks, nicolae_alphabet_shops, tgw_fedhas,
          uniq_menkaure, uniq_edmund
D:7:      layout_loops_ring, nicolae_overflow_hidden_temple,
          lemuel_doored_altar, ebering_ghost_rock_garden,
          minmay_guarded_unrand_finisher, uniq_pikel
D:8:      layout_basic, grunt_temple_overflow_bloody_war,
          amethyst_overflow_temple_binary, grunt_dithmenos_smoke,
          nicolae_ru_awakened_eye, basic_altar, david_nohive_1
D:9:      layout_gridville, nicolae_overflow_crystal_walls
D:10:     layout_cave_pools, dpeg_oklobed_lair
D:11:     layout_roguey, minmay_orc_entry_temple_small, serial_shops,
          nicolae_shop_crystal, xom_shifter_show, uniq_sonja
D:12:     layout_roguey, gammafunk_ghost_split, serial_shops,
          nicolae_shop_behind_doors, uniq_nessos, uniq_fannar
D:13:     layout_basic, david_vaults_2, uniq_frances
D:14:     layout_cave_pods, serial_shops, nicolae_shop_behind_doors,
          lemuel_blue_sif_altar, uniq_louise
D:15:     hangedman_depths_entry_civil_slaughter, layout_basic,
          hangedman_abyss_or_decor_slice, gammafunk_ghost_hive,
          hangedman_feature_mirror
Temple:   compressed_dpeg_circular_temple
Lair:1:   layout_chaotic_city, lemuel_fruit_tree, serial_bayou_shore_a,
          grunt_megastairs_1
Lair:2:   layout_hall_layers, minmay_swamp_entry_worms, dummy_spider_entry,
          lightli_volcano_entry_magma_tube
Lair:3:   layout_loops_ring, ebering_ghost_rock_garden, basic_altar,
          grunt_megastairs_4
Lair:4:   layout_roguey, serial_bayou, serial_bayou_pond_a,
          serial_bayou_lagoon_b, serial_bayou_lagoon_a, serial_bayou_ford_a,
          beast_lair_carwin_10, serial_bayou_shore_b
Lair:5:   layout_long_grid, slime_altar_1, special_room
          [special_room_mythical_zoo]
Lair:6:   minmay_lair_end_enchanted_forest, layout_loops_ring,
          grunt_forest_small_clearings, st_stairs_12
Swamp:1:  layout_falls_marsh, evilmike_swamp_ruin_house_6, uniq_josephine
Swamp:2:  layout_basic_swamp, gammafunk_ghost_wrathful_warriors,
          hangedman_swamp_ruin_wall
Swamp:3:  layout_basic_swamp, nicolae_swamp_dense_foliage, uniq_nikola,
          uniq_jorgrun, uniq_kirke, uniq_mara
Swamp:4:  swamp_alternative, layout_basic_swamp, swamp_pool1
Spider:1: layout_chambers
Spider:2: layout_spider_delve, portal_ice_cave_entry_pillars_four, uniq_agnes,
          uniq_arachne
Spider:3: layout_chambers, spiders_nest_hornet_nest
Spider:4: grunt_spider_rune_island, ebering_ghost_disaster_area
Orc:1:    layout_diamond_mine, serial_shops, shop_statue,
          guppyfry_orc_lava_fort, uniq_nergalle
Orc:2:    grunt_orc_community_town_hall, layout_caves,
          grunt_orc_community_big_house_2, grunt_orc_community_big_house_2,
          grunt_orc_community_house_1, grunt_orc_community_house_3,
          grunt_orc_community_house_3, grunt_orc_community_house_3
Elf:1:    layout_loops_cross, gammafunk_ghost_tricky_traps, special_room
          [special_room_mythical_zoo], serial_shops, shop,
          minmay_elf_annihilation
Elf:2:    layout_geoelf_grid, palyth_stone_intersect,
          einodemon_armed_red_devil_minivault
Elf:3:    minmay_elf_hall_statues, layout_geoelf_grid, serial_shops,
          nicolae_shop_crystal, grunt_megastairs_2
Vaults:1: nicolae_vaults_little_squares_6, grunt_vaults_funnel,
          vaults_room_fours, vaults_mumra_chevron_long, vaults_room_pools,
          nicolae_vaults_murderbox, v_misc_25, vaults_room_door_hall,
          ontoclasm_vaults_fault, vaults_room_corners,
          layout_vaults_chaotic_city
Vaults:2: nicolae_vaults_big_angled_halls, nicolae_vaults_halls_meeting,
          hangedman_vaults_slither, nicolae_vaults_big_angled_halls,
          vaults_mumra_hexcomb, nicolae_vaults_arrows,
          nicolae_vaults_network_periphery, v_rooms_1,
          nicolae_vaults_stairing_the_circle, vaults_room_door_ring,
          nicolae_vaults_ring_of_whatevers, vaults_dpeg_hooks,
          grunt_vaults_hallway_long, ontoclasm_vaults_ligature,
          vaults_dpeg_ring, layout_vaults_omnibox, uniq_asterion
Vaults:3: ontoclasm_vaults_idyll, vaults_room_door_hall,
          minmay_crypt_entry_simple_corners, hangedman_vaults_trim,
          vaults_dpeg_diagonal, ontoclasm_vaults_hangar, ontoclasm_vaults_pinch,
          vaults_room_semicircle, vaults_room_semicircle, vaults_room_fours,
          vaults_room_corners, layout_vaults_omnigrid,
          nicolae_trove_entry_crystal, serial_shops, shop, uniq_bai_suzhen
Vaults:4: grunt_vaults_focal, nicolae_vaults_network_star,
          hangedman_vaults_corner_blocks, v_misc_29,
          nicolae_vaults_circle_grid_a, nicolae_vaults_big_ls,
          hangedman_vaults_stitches, nicolae_vaults_three_branches, v_misc_12,
          ontoclasm_vaults_twist, layout_vaults_maze, uniq_aizul
Vaults:5: uniq_frederick
Crypt:1:  layout_rooms
Crypt:2:  layout_catacombs, serial_sigils_hangedman_shear
Crypt:3:  due_elkab, layout_chaotic_city, lemuel_dead_fish_pool
Depths:1: layout_twisted_cross, grunt_mini_vestibule,
          chequers_serial_rivers_large_b, abyss_entry, serial_sigils,
          serial_sigils_hangedman_gut, serial_sigils_hangedman_writhe,
          serial_sigils_hangedman_gut, serial_sigils_hangedman_gut,
          minmay_fountain_box, st_stairs_11, hangedman_decor_peaks_small,
          feat_on_display, serial_bayou_shore_b
Depths:2: kennysheep_ogre_elephant_herders, layout_long_grid, enter_ziggurat_a,
          minmay_misc_feat_nine_boxes, rand_demon_pan_entry_8,
          pf_hell_entry_tar_spiral, kennysheep_four_rooms
Depths:3: minmay_inside_and_out, layout_gridville,
          nicolae_trove_entry_crossroad, hellmouth_1, serial_bayou_pond_d,
          rand_demon_pan_entry_5, kennysheep_cluttered_room
Depths:4: grunt_forest_end_chambers, layout_long_grid, hell_entry,
          nicolae_abyss_entry_one_way_or_another, lemuel_crystal_altar
Depths:5: grunt_crosshair, layout_cave_shapes, serial_bayou_pond_b, hell_entry,
          abyss_entry, serial_bayou_shore_b
Zot:1:    kennysheep_ambush_hall, layout_basic

Skill      XL: |  1  2  3  4  5  6  7  8  9 10 11 12 13 14 15 16 17 18 19 20 21 22 23 24 25 26 27 |
---------------+----------------------------------------------------------------------------------+-----
Dodging        | 3 4 5 6 7 10 12 13 15 16 17 18 19 20 21 23 | 23.0
Fighting       | 4 5 6 7 10 12 13 14 15 16 17 18 19 20 21 | 21.4
Armour         | 2 3 6 8 9 10 11 12 13 14 15 16 17 | 17.4
Short Blades   | 5 6 8 9 10 11 13 14 | 14.0
Shields        | 1 2 3 5 6 8 9 10 11 12 13 14 15 16 17 | 17.0
Evocations     | 3 5 6 9 10 12 14 | 14.0
Stealth        | 5 9 12 14 | 14.2
Long Blades    | 8 12 13 14 | 14.5
Invocations    | 14 | 14.3

Action                   |  1- 3 |  4- 6 |  7- 9 | 10-12 | 13-15 | 16-18 | 19-21 | 22-24 | 25-27 || total
-------------------------+-------+-------+-------+-------+-------+-------+-------+-------+-------++-------
Melee: Short sword       |   131 |   188 |       |    37 |       |   281 |       |       |       ||   637
       Rapier            |       |    56 |   239 |       |    11 |       |       |       |       ||   306
       Dagger            |       |       |    60 |   563 |  1781 |   573 |     5 |       |       ||  2982
       Falchion          |       |       |    26 |       |       |       |       |       |       ||    26
       Quick blade       |       |       |       |       |     9 |  1096 |       |       |       ||  1105
       Unarmed           |       |       |       |       |       |     1 |       |       |       ||     1
       Demon blade       |       |       |       |       |       |   599 |  1665 |  1999 |  2640 ||  6903
       Eudemon blade     |       |       |       |       |       |       |       |       |   437 ||   437
       Double sword      |       |       |       |       |       |       |       |       |   344 ||   344
Throw: Boomerang         |       |       |     8 |       |       |       |       |       |       ||     8
       Throwing net      |       |       |       |     1 |       |       |       |       |       ||     1
       Dart              |       |       |       |       |       |     7 |       |       |       ||     7
Invok: Berserk           |     1 |     9 |     5 |    11 |    15 |    13 |       |     3 |     1 ||    58
       Trog's Hand       |       |       |     3 |     2 |     5 |     9 |     6 |    12 |    10 ||    47
       Brothers in Arms  |       |       |       |       |     2 |     9 |     2 |     5 |    12 ||    30
       Brand Weapon With |       |       |       |       |       |       |       |       |     1 ||     1
Evoke: Wand              |       |       |       |    14 |    32 |    23 |     3 |     5 |     8 ||    85
  Use: Scroll            |       |       |    12 |     5 |    16 |    32 |     7 |    16 |    20 ||   108
       Potion            |       |       |       |       |     4 |    17 |     4 |     4 |    12 ||    41
 Stab: Sleeping          |     1 |       |       |    35 |    31 |    55 |    48 |    25 |    35 ||   230
       Held in net/web   |       |       |       |     4 |       |       |       |       |       ||     4
       Distracted        |       |       |       |     1 |     6 |    17 |     4 |     8 |     8 ||    44
       Paralysed         |       |       |       |       |     1 |     2 |       |       |       ||     3
       Confused          |       |       |       |       |     5 |     5 |       |       |       ||    10
       Invisible         |       |       |       |       |       |     2 |     8 |       |       ||    10
  Eat: Chunk             |    10 |    17 |    14 |    34 |    47 |    57 |    35 |    41 |    44 ||   299
       Ration            |       |       |       |       |       |     2 |       |       |     4 ||     6
Armor: Animal skin       |    15 |       |       |       |       |       |       |       |       ||    15
       Scale mail        |    16 |    45 |       |       |       |       |       |       |       ||    61
       Robe              |       |     2 |    30 |     4 |       |       |       |       |       ||    36
       Troll leather arm |       |       |       |    17 |    74 |       |       |       |       ||    91
       Shadow dragon sca |       |       |       |       |   119 |   504 |   530 |   287 |   935 ||  2375
       Acid dragon scale |       |       |       |       |       |       |       |   199 |       ||   199
Dodge: Dodged            |    90 |   113 |   183 |   143 |   688 |  1158 |  1411 |  1587 |  2704 ||  8077
Block: Other             |    27 |    41 |    44 |       |       |       |       |       |       ||   112
       Reflection        |       |       |     1 |     4 |     5 |    29 |     2 |       |       ||    41
       Buckler           |       |       |    33 |   166 |   710 |  1441 |  1013 |  1026 |   292 ||  4681
       Shield            |       |       |       |       |       |       |       |       |  1813 ||  1813
       Rpst.: Falchion   |       |       |     7 |       |       |       |       |       |       ||     7
       Demon blade       |       |       |       |       |       |    76 |   236 |   237 |   357 ||   906
       Double sword      |       |       |       |       |       |       |       |       |   103 ||   103
       Eudemon blade     |       |       |       |       |       |       |       |       |    73 ||    73
